 Dungeon Crawl Stone Soup version 0.20.0-8-g6b59dc7 (webtiles) character file.

634 Darkell the Chiller (level 7, -4/46 HPs)
             Began as a Demonspawn Ice Elementalist on June 1, 2017.
             Splashed by Ijyb's acid (15 damage)
             ... on level 5 of the Dungeon.
             The game lasted 00:09:51 (5348 turns).

Darkell the Chiller (Demonspawn Ice Elementalist)   Turns: 5348, Time: 00:09:51

Health: -4/46      AC:  8    Str: 11    XL:     7   Next: 24%
Magic:  10/10      EV: 12    Int: 16    God:
Gold:   322        SH:  0    Dex: 13    Spells: 6/10 levels left

rFire    . . .     SeeInvis .   e - +1 spear
rCold    . . .     Gourm    .   (no shield)
rNeg     . . .     Faith    .   a - +0 robe
rPois    .         Spirit   .   (no helmet)
rElec    .         Reflect  .   (no cloak)
rCorr    .         Harm     .   (no gloves)
MR       .....                  (no boots)
Stlth    ++........             (no amulet)
Regen    0.2/turn               (no ring)
MPRegen  0.2/turn               (no ring)

@: icy armour, slow
A: hooves 1, demonic guardian 1, powered by pain 2
a: no special abilities


You were on level 5 of the Dungeon.
You were hungry.

You visited 1 branch of the dungeon, and saw 5 of its levels.

You collected 322 gold pieces.

Inventory:

Hand Weapons
 e - a +1 spear (weapon)
 i - a +0 trident
Missiles
 r - 17 poisoned needles
Armour
 a - a +0 robe (worn)
Wands
 n - a wand of random effects (16/48)
Scrolls
 g - 2 scrolls of blinking
 o - 8 scrolls of identify
 p - 3 scrolls of teleportation {unknown}
 s - 2 scrolls of noise {unknown}
 u - a scroll of random uselessness {unknown}
 v - a scroll of recharging {unknown}
 x - a scroll of amnesia
 z - 2 scrolls of magic mapping {unknown}
 A - a scroll of remove curse
 B - a scroll of enchant armour {unknown}
Potions
 h - a potion of degeneration {unknown}
 k - a potion of might
 l - a potion of lignification {unknown}
 m - a potion of agility
 q - a potion of cancellation
 t - a potion of heal wounds {unknown}
 w - 2 potions of flight {unknown}
Books
 b - a book of Frost

   Spells                             Type                      Level
   a - Freeze                         Ice                          1
   b - Throw Frost                    Conjuration/Ice              2
   c - Ozocubu's Armour               Charms/Ice                   3
   d - Throw Icicle                   Conjuration/Ice              4
   e - Summon Ice Beast               Ice/Summoning                4
 y - a book of Misfortune

   Spells                             Type                      Level
   a - Confusing Touch                Hexes                        1
   b - Confuse                        Hexes                        3
   c - Gell's Gravitas                Translocation                3
   d - Petrify                        Transmutation/Earth          4
   e - Metabolic Englaciation         Hexes/Ice                    5
   f - Yara's Violent Unravelling     Hexes/Transmutation          5
Comestibles
 c - 3 bread rations
 d - 2 meat rations
 f - 4 royal jellies
 j - 11 fruits


   Skills:
 - Level 1.7 Dodging
 - Level 1.7 Stealth
 - Level 2.0 Spellcasting
   Level 1.0 Conjurations
 + Level 7.7 Ice Magic


You had 6 spell levels left.
You knew the following spells:

 Your Spells              Type           Power        Failure   Level  Hunger
a - Freeze                Ice            ####         1%          1    #......
b - Ozocubu's Armour      Chrm/Ice       ##......     13%         3    ###....


Dungeon Overview and Level Annotations

Branches:
Dungeon (5/15)
 Temple: D:4-7

Altars:
Hepliaklqana
Makhleb
Okawaru
Trog
Zin

Shops:
D:4 }

Annotations:
D:5 Ijyb


Innate Abilities, Weirdness & Mutations

You have large cloven feet.
A weak demonic guardian rushes to your aid.
You sometimes gain power by taking damage.


Message History

Press: ? - help, Dir - move target cursor You can't reach that far!
Okay, then.
Ijyb screams, "Me kill you!"
You see here a worker ant corpse.
Casting: Freeze
Confirm with . or Enter, or press ? or * to list all spells.
Okay, then.
Casting: Freeze
Confirm with . or Enter, or press ? or * to list all spells.
A film of ice covers your body!
Ijyb zaps a wand.
The bolt of acid hits you!
You are splashed with acid!
The acid burns!
You focus on the pain.
You feel your power returning.
It is a wand of acid (?/15).
Ijyb zaps a wand.
The bolt of acid misses you.
You are feeling hungry.
Ijyb zaps a wand.
The bolt of acid hits you!
* * * LOW HITPOINT WARNING * * *
You are splashed with acid!
The acid burns!
You die...

.......†..# ##.####.###
## ### ##.####g# #. ..#
#...#.#.# ###. #.#
#.....g.# ... #.#
#(..#.### #.###.#
#.###.#
#..<..###.###.###.#
###.[.......@.....#
#######[##...>....#####
.......[##........##
#######(##.........#
#.##.........#
#.##.............
#.##........#####
#...........#
#############


You could see Ijyb.

Vanquished Creatures
  A phantom (D:4)
  A howler monkey (D:4)
  A crimson imp (D:4)
  4 orc priests (D:5)
  A hound (D:4)
  An orc wizard (D:5)
  3 worker ants
  A howler monkey zombie (D:5)
  A worker ant zombie (D:5)
  A howler monkey skeleton (D:4)
  6 adders
  A shadow imp (D:5)
  2 oozes
  A worm (D:4)
  A dart slug (D:1)
  4 leopard geckos
  6 orcs
  A ball python (D:5)
  5 bats
  A giant cockroach (D:1)
  6 goblins
  10 hobgoblins
  4 jackals
  2 quokkas (D:2)
  2 frilled lizards
  6 kobolds
  A quokka skeleton (D:4)
  8 rats
82 creatures vanquished.

Vanquished Creatures (collateral kills)
  An ogre (D:4)
  A howler monkey (D:5)
  An adder (D:4)
  An orc (D:5)
  A quokka (D:5)
  A leopard gecko skeleton (D:4)
6 creatures vanquished.

Vanquished Creatures (others)
  7 toadstools (D:1)
7 creatures vanquished.

Grand Total: 95 creatures vanquished

Notes
Turn   | Place    | Note
-------+----------+-------------------------------------------
     0 | D:1      | Darkell the Demonspawn Ice Elementalist began the quest for the Orb.
     0 | D:1      | Reached XP level 1. HP: 13/13 MP: 3/3
    69 | D:1      | Reached skill level 3 in Ice Magic
   443 | D:1      | Gained mutation: You have large cloven feet. [demonic ancestry]
   443 | D:1      | Reached XP level 2. HP: 17/19 MP: 0/5
   924 | D:2      | Reached XP level 3. HP: 16/24 MP: 2/6
  1273 | D:2      | Found an iron altar of Okawaru.
  1294 | D:2      | Reached skill level 4 in Ice Magic
  1967 | D:2      | Gained mutation: You sometimes gain a little power by taking damage. [demonic ancestry]
  1967 | D:2      | Reached XP level 4. HP: 20/30 MP: 2/7
  2390 | D:3      | Reached skill level 5 in Ice Magic
  2811 | D:3      | Found a hazy altar of Hepliaklqana.
  2811 | D:3      | Found a glowing silver altar of Zin.
  2816 | D:3      | Found a bloodstained altar of Trog.
  2818 | D:3      | Found a faded altar of an unknown god.
  2819 | D:3      | Found a faded altar of an unknown god.
  2928 | D:4      | Gained mutation: A weak demonic guardian rushes to your aid. [demonic ancestry]
  2928 | D:4      | Reached XP level 5. HP: 30/35 MP: 3/8
  2952 | D:4      | Noticed a phantom
  2989 | D:4      | Killed a phantom
  2989 | D:4      | Reached skill level 6 in Ice Magic
  3151 | D:4      | Reached XP level 6. HP: 27/41 MP: 4/9
  3329 | D:4      | Found a burning altar of Makhleb.
  3372 | D:4      | Learned a level 3 spell: Ozocubu's Armour
  3511 | D:4      | Found Zuus's Gadget Emporium.
  4033 | D:5      | Entered Level 5 of the Dungeon
  4086 | D:5      | Reached skill level 7 in Ice Magic
  4959 | D:5      | Gained mutation: You sometimes gain power by taking damage. [demonic ancestry]
  4959 | D:5      | Reached XP level 7. HP: 35/46 MP: 7/10
  5329 | D:5      | Noticed Ijyb
  5348 | D:5      | Splashed by Ijyb's acid

Skill      XL: |  1  2  3  4  5  6 |
---------------+-------------------+-----
Ice Magic      | 3 4 5 6 7 |  7.7
Dodging        | |  1.7
Stealth        | |  1.7
Spellcasting   | |  2.0
Conjurations   | |  1.0

Action                   |  1- 3 |  4- 6 |  7- 9 || total
-------------------------+-------+-------+-------++-------
Melee: Spear             |    18 |    93 |    29 ||   140
       Dagger            |    21 |       |       ||    21
       Unarmed           |     1 |       |       ||     1
       Kick              |     4 |    14 |     4 ||    22
 Cast: Freeze            |    57 |    63 |    10 ||   130
       Ozocubu's Armour  |       |     1 |     1 ||     2
  Use: Scroll            |     4 |       |       ||     4
       Potion            |       |     3 |       ||     3
 Stab: Sleeping          |     3 |       |       ||     3
  Eat: Chunk             |     3 |    11 |     1 ||    15
       Fruit             |     1 |       |       ||     1
Armor: Robe              |    11 |    23 |    11 ||    45
Dodge: Dodged            |    56 |    63 |    24 ||   143
